 Dungeon Crawl Stone Soup version 0.31-a0-542-gdc2a67831c (webtiles) character file.

Game seed: 15140057507681914730

466 MackTheKnife the Magician (level 6, 0/32 HPs)
             Began as a Deep Elf Wanderer on Aug 14, 2023.
             Slain by a bullfrog (4 damage)
             ... on level 4 of the Dungeon.
             The game lasted 00:08:55 (3843 turns).

MackTheKnife the Magician (Deep Elf Wanderer)       Turns: 3843, Time: 00:08:56

Health: 0/32       AC:  6    Str:  8    XL:     6   Next: 81%
Magic:  18/18      EV: 13    Int: 17    God:
Gold:   275        SH:  0    Dex: 17    Spells: 15/19 levels left

rFire   . . .        t - staff of earth {!astaff}
rCold   + . .        (no shield)
rNeg    . . .        d - +3 leather armour
rPois   .            (no helmet)
rElec   .            (no cloak)
rCorr   .            (no gloves)
SInv    .            (no boots)
Will    .....        (no amulet)
Stlth   +++          u - ring of protection from cold
HPRegen 0.25/turn    (no ring)
MPRegen 0.16/turn

%: no passive effects
@: no status effects
A: no striking features
a: no special abilities


You were on level 4 of the Dungeon.
You visited 1 branch of the dungeon, and saw 6 of its levels.

You collected 275 gold pieces.


   Skills:
 - Level 1.0 Throwing
 - Level 1.0 Armour
 - Level 3.6 Dodging
 - Level 6.0 Stealth
 - Level 7.3 Spellcasting
 + Level 0.0 Conjurations
 - Level 4.0 Hexes


You had 15 spell levels left.
You knew the following spells:

 Your Spells              Type           Power      Damage    Failure   Level
a - Slow                  Hex            76%        N/A       3%          1
b - Dazzling Flash        Conj/Hex       26%        N/A       21%         3

Your spell library contained the following spells:

 Spells                   Type           Power      Damage    Failure   Level
 Apportation              Tloc           12%        N/A       16%         1
 Alistair's Intoxication  Tmut/Pois      4%         N/A       99%         5

Inventory:

Hand Weapons
 a - a +0 dagger {short}
 f - a +0 short sword {short}
   (You took it off a kobold on level 1 of the Dungeon)
 i - a +0 sling
   (You found it on level 1 of the Dungeon)
Missiles
 j - 11 poisoned darts (quivered) {throwing}
Armour
 d - a +3 leather armour (worn)
Magical Staves
 t - a staff of earth (weapon) {!astaff}
   (You found it on level 4 of the Dungeon)
Jewellery
 u - a ring of protection from cold (left hand)
   (You found it on level 3 of the Dungeon)
 w - a ring of fire
   (You found it on level 4 of the Dungeon)
Scrolls
 c - a scroll of butterflies
 g - a scroll of enchant armour
 h - 2 scrolls of fog {unknown}
 n - a scroll of amnesia {unknown}
 o - a scroll of silence {unknown}
 p - a scroll of blinking {!r}
 r - a scroll of poison {!r}
Potions
 b - 5 potions of curing {@q1}
 e - a potion of heal wounds {unknown}
 k - 3 potions of attraction {unknown}
 l - a potion of lignification {unknown}
 q - a potion of brilliance {unknown}
 s - 2 potions of resistance {unknown}

Dungeon Overview and Level Annotations

Branches:
Dungeon (6/15) Zot: 26786
 Temple: D:4-7

Altars:
Uskayaw
The Shining One

Shops:
D:4 *

Annotations:
D:5 exclusions: 2 gnolls and worm

#.......# #.......# #.#...#.#
######.## ####..#####.#...#.# #.#
#..# #.......#.# #.# #.##
#)#.......# ##.#######.#
#.#.......#
##..........####.#.....#.# ####
##..............#.#..##.#.##
...###...#######.###.#...........
##.......# #@###.#.........#.
#####...# #F#..........#.##.
##### #f#.#.#.####.#.##.
#.#.#.#......#.###
#...†.######.#.... ###.f.#
####.##### ####.###.......#
#.........)....# #.##.##........#


You could see a sleepcap and a bullfrog.


Message History

😮 HP[+1] 😕 HP[+1]
You start resting. 😎 HP[+7]
Your hp is fully restored (32).
Done exploring.
Done exploring.
Done exploring.
There is an escape hatch in the floor here.
There is a stone staircase leading down here.
You climb downwards.
You hear the sound of rushing water.
There is an entrance to a sewer on this level.
Hurry and find it before the portal rusts away!
Level annotation: exclusions: 2 gnolls and worm You hear the quick rusting of a very distant drain.
There is a stone staircase leading up here.
A bullfrog is nearby!
A bullfrog is nearby!
A bullfrog is nearby!
You shoot a sling bullet.
The sling bullet barely misses the bullfrog.
The bullfrog croaks.
You hear a shout!
You shoot a sling bullet.
The sling bullet completely misses the bullfrog.
You hear a shout!
The bullfrog barely misses you. The bullfrog barely misses you.
The bullfrog barely misses you. The bullfrog attacks as you move away!
The bullfrog hits you but does no damage.
The bullfrog hits you. 😕 HP[-4]
You take 4 damage, and now have 28/32 hp.
The bullfrog attacks as you move away! The bullfrog misses you. 😕 HP[+1]
The bullfrog hits you but does no damage.
The bullfrog hits you but does no damage.
There is a stone staircase leading up here.
The bullfrog completely misses you.
You climb upwards.
There is a stone staircase leading down here. 😕 HP[+1]
Casting: Slow (safe; 3% risk of failure)
Confirm with . or Enter, or press ? or * to list all spells.
Aiming: Slow (safe; 3% risk of failure)
Press: ? - help, Shift-Dir - straight line, f - bullfrog
Aim: a bullfrog (chance to affect: 51%)
The bullfrog seems to slow down.
The bullfrog completely misses you. 😕 MP[-1]
You lost 1 mp, and now have 17/18 mp.
The bullfrog attacks as you move away! The bullfrog hits you! 😮 HP[-7]
You take 7 damage, and now have 23/32 hp.
MASSIVE DAMAGE!! (PAUSE) 😮 HP[+1]
The bullfrog attacks as you move away! The bullfrog barely misses you.
The bullfrog attacks as you move away! The bullfrog hits you. 😮 HP[-4]
You take 4 damage, and now have 20/32 hp. 😮 HP[+1] MP[+1]
Your mp is fully restored (18).
You see here the human corpse of Prince Ribbit.
The bullfrog attacks as you move away!
The bullfrog hits you but does no damage.
The bullfrog is no longer moving slowly.
The bullfrog hits you. 😮 HP[-4]
You take 4 damage, and now have 17/32 hp.
The bullfrog hits you but does no damage. 😮 HP[+1]
The bullfrog misses you.
t - a staff of earth (weapon)
{!astaff} The bullfrog barely misses you. 😮 HP[+1]
You hit the bullfrog. x2
The bullfrog hits you but does no damage. x2
You closely miss the bullfrog. x2; The bullfrog barely misses you.
The bullfrog hits you but does no damage.
You closely miss the bullfrog. You hit the bullfrog. The bullfrog hits you.
* * * LOW HITPOINT WARNING * * *
The bullfrog hits you.
* * * LOW HITPOINT WARNING * * *
😨 HP[-7]
You take 7 damage, and now have 12/32 hp.
MASSIVE DAMAGE!! (PAUSE)
You hit the bullfrog. You barely miss the bullfrog. The bullfrog hits you!
* * * LOW HITPOINT WARNING * * *
😱 HP[-6]
You take 6 damage, and now have 6/32 hp.
You closely miss the bullfrog. You hit the bullfrog.
The bullfrog closely misses you. The bullfrog hits you.
* * * LOW HITPOINT WARNING * * *
😱 HP[-3]
You take 3 damage, and now have 3/32 hp.
You hit the bullfrog but do no damage. You hit the bullfrog.
Your punch misses the bullfrog. The bullfrog completely misses you.
The bullfrog barely misses you.
You hit the bullfrog but do no damage. You miss the bullfrog.
The bullfrog hits you.
You die...

Skill      XL: |  1  2  3  4  5 |
---------------+----------------+-----
Stealth        | 2 4 5 6 |  6.0
Spellcasting   | 3 7 |  7.3
Throwing       | |  1.0
Armour         | |  1.0
Dodging        | |  3.6
Hexes          | |  4.0

Action                     |  1- 3 |  4- 6 || total
---------------------------+-------+-------++-------
  Melee: Dagger            |    81 |     1 ||    82
         Short sword       |   126 |    29 ||   155
         Whip              |    12 |       ||    12
         Punch             |     1 |       ||     1
         Staff             |       |    20 ||    20
   Fire: Sling             |     2 |    12 ||    14
  Throw: Dart              |     7 |     9 ||    16
   Cast: Slow              |    33 |    15 ||    48
  Evoke: Wand              |       |     7 ||     7
    Use: Scroll            |     2 |     4 ||     6
   Stab: Sleeping          |     9 |     3 ||    12
 Armour: Leather armour    |    59 |    12 ||    71
  Dodge: Dodged            |   161 |    40 ||   201

Levels and vault maps discovered:
D:1:      saegor_arrival_simple_d, layout_basic, st_stairs_9,
          chequers_big_river, minmay_3d_cube
D:2:      layout_loops_cross, hellmonk_ecumenical_altar_zigzags
D:3:      layout_loops_cross, supply_closet_lemuel, hex_tiny
D:4:      layout_loops_cross, mainiacjoe_overflow_catch_the_wave,
          nicolae_shop_gadgets, uniq_ijyb
D:5:      layout_loops_ring, portal_sewer_entry_b, minmay_diced_spiral,
          uniq_prince_ribbit1
D:6:      layout_loops_corners, nicolae_overflow_hidden_temple,
          kennysheep_okawaru_gauntlet, chequers_avenue

Notes
Turn   | Place    | Note
-------+----------+-------------------------------------------
     0 | D:1      | MackTheKnife the Deep Elf Wanderer began the quest for the
                  | Orb.
     0 | D:1      | MackTheKnife set off with the following items: a +0 dagger
                  | {short}, a potion of curing {@q1}, a scroll of butterflies,
                  | a +2 leather armour; and the following spell memorised:
                  | Slow; and the following spells available to memorise:
                  | Dazzling Flash.
     0 | D:1      | Reached XP level 1. HP: 10/10 MP: 5/5
     0 | D:1      | magus.rc [v1.9.6]
   148 | D:1      | Reached skill level 2 in Stealth
   324 | D:1      | Reached XP level 2. HP: 15/15 MP: 4/6
   529 | D:1      | Reached skill level 3 in Stealth
   711 | D:1      | You pick up a book of Party Tricks and begin reading...
   711 | D:1      | You add the spells Apportation and Alistair's Intoxication
                  | to your library.
   829 | D:1      | Reached skill level 4 in Stealth
   829 | D:1      | Reached XP level 3. HP: 11/19 MP: 7/7
  1732 | D:3      | You fall into a shaft and drop 1 floor!
  2655 | D:4      | Reached skill level 5 in Stealth
  2682 | D:4      | Found a glowing golden altar of the Shining One.
  2688 | D:4      | Noticed Ijyb
  2701 | D:4      | Killed Ijyb
  2702 | D:4      | Reached XP level 4. HP: 17/24 MP: 5/8
  2792 | D:4      | Reached skill level 6 in Stealth
  2819 | D:4      | Found a hide-covered altar of Uskayaw.
  2891 | D:4      | Noticed a scorpion
  2911 | D:4      | Killed a scorpion
  2912 | D:4      | Reached skill level 3 in Spellcasting
  2912 | D:4      | Reached XP level 5. HP: 28/28 MP: 6/12
  3016 | D:4      | Found Agest's Gadget Gallery.
  3227 | D:5      | Entered Level 5 of the Dungeon
  3458 | D:5      | Noticed an ice beast
  3487 | D:5      | Killed an ice beast
  3488 | D:5      | Reached skill level 5 in Spellcasting
  3614 | D:5      | Noticed a phantom
  3618 | D:5      | Noticed a phantom
  3638 | D:6      | Noticed a phantom
  3671 | D:5      | Noticed Prince Ribbit
  3713 | D:4      | Killed Prince Ribbit
  3714 | D:4      | Reached skill level 7 in Spellcasting
  3714 | D:4      | Reached XP level 6. HP: 17/32 MP: 15/18
  3718 | D:4      | Learned a level 3 spell: Dazzling Flash
  3840 | D:4      | HP: 6/32 [bullfrog (7)]
  3843 | D:4      | Slain by a bullfrog

Vanquished Creatures
  Prince Ribbit (D:4)
  An ice beast (D:5)
  A scorpion (D:4)
  Ijyb (D:4)
  3 adders (D:4)
  A dart slug (D:2)
  An orc (D:3)
  2 bats
  2 endoplasms (D:1)
  A giant cockroach (D:4)
  6 goblins
  4 hobgoblins
  4 quokkas
  9 ball pythons
  3 frilled lizards (D:1)
  10 kobolds
  5 rats
55 creatures vanquished.

Table legend:
 A = Non-vault XP
 B = Vault XP
 C = Vault XP percentage of total XP
 D = Non-vault monster count
 E = Vault monster count
 F = Vault count percentage of total count
                 A         B        C        D         E       F
            +---------+---------+-------+---------+---------+-------
      Total |     318 |     348 |  52.3 |      47 |       8 |  14.5
            +---------+---------+-------+---------+---------+-------
        D:1 |      34 |      10 |  22.7 |      21 |       6 |  22.2
        D:2 |       8 |       0 |   0.0 |       4 |       0 |   0.0
        D:3 |      19 |       0 |   0.0 |      12 |       0 |   0.0
        D:4 |     128 |     338 |  72.5 |       9 |       2 |  18.2
        D:5 |     129 |       0 |   0.0 |       1 |       0 |   0.0
            +---------+---------+-------+---------+---------+-------

Skill      XL: |  1  2  3  4  5 |
---------------+----------------+-----
Stealth        | 2 4 5 6 |  6.0
Spellcasting   | 3 7 |  7.3
Throwing       | |  1.0
Armour         | |  1.0
Dodging        | |  3.6
Hexes          | |  4.0

Action                     |  1- 3 |  4- 6 || total
---------------------------+-------+-------++-------
  Melee: Dagger            |    81 |     1 ||    82
         Short sword       |   126 |    29 ||   155
         Whip              |    12 |       ||    12
         Punch             |     1 |       ||     1
         Staff             |       |    20 ||    20
   Fire: Sling             |     2 |    12 ||    14
  Throw: Dart              |     7 |     9 ||    16
   Cast: Slow              |    33 |    15 ||    48
  Evoke: Wand              |       |     7 ||     7
    Use: Scroll            |     2 |     4 ||     6
   Stab: Sleeping          |     9 |     3 ||    12
 Armour: Leather armour    |    59 |    12 ||    71
  Dodge: Dodged            |   161 |    40 ||   201

Illustrated notes

Table legend:
 A = Kills in this place as a percentage of kills in the entire game.
 B = Kills by you in this place as a percentage of kills by you in the entire game.
 C = Kills by friends in this place as a percentage of kills by friends in the entire game.
 D = Other kills in this place as a percentage of other kills in the entire game.
 E = Experience gained in this place as a percentage of experience gained in the entire game.
 F = Experience gained in this place divided by the number of levels of this place that you have seen.
                   A       B       C       D       E      F
               +-------+-------+-------+-------+-------+----------------------
         Total | 100.0 | 100.0 |   N/A |   N/A | 100.0 | 111.0
       Dungeon | 100.0 | 100.0 |   N/A |   N/A | 100.0 | 111.0
               +-------+-------+-------+-------+-------+----------------------

Table legend: (Time is in decaauts)
 A = Elapsed time spent in this place.
 B = Non-inter-level travel time spent in this place.
 C = Inter-level travel time spent in this place.
 D = Time resting spent in this place.
 E = Time spent auto-exploring this place.
 F = Levels seen in this place.
 G = Mean time per level.
                   A        B        C        D        E       F      G
               +--------+--------+--------+--------+--------+-----+--------+
         Total |   3865 |   3729 |    136 |    207 |   2502 |   6 |  644.2 |
       Dungeon |   3865 |   3729 |    136 |    207 |   2502 |   6 |  644.2 |
               +--------+--------+--------+--------+--------+-----+--------+

Top non-repeatable levels by time:
     D:1: 1517 daAuts
     D:4: 925 daAuts
     D:3: 747 daAuts
     D:5: 460 daAuts
     D:2: 203 daAuts
     D:6: 11 daAuts
